Map: Ulrena

Players

iNFiNiTY - Winner!

  • Race: Zerg Zerg

WildCatBrown

  • Race: Protoss Protoss
  • League: Gold

VOD

Have the link to the VOD?

Description

Time

  • Played on: Jan. 16, 2016, 9:22 a.m.
  • Length: 11:19
Show
View Real Time Build Order
Export as new Build Order

iNFiNiTY Zerg - Winner!

Build Orders: Hatch First 

Get SALT Encoding   

  12  0:01  Drone  
  13  0:08  Drone  
  14  0:17  Overlord  
  14  0:25  Drone, Extractor  
  15  0:36  Drone x2  
  17  0:45  Drone  
  18  0:58  Hatchery  
  18  1:01  Drone  
  18  1:11  Drone  
  18  1:18  Spawning Pool  
  18  1:20  Drone  
  19  1:27  Drone  
  20  1:53  Drone x2  
  22  1:59  Overlord  
  22  2:01  Extractor  
  21  2:07  Hatchery  
  21  2:11  Drone x2  
  23  2:16  Queen  
  23  2:20  Zergling x2  
  26  2:23  Queen  
  26  2:26  Drone  
  29  2:31  Drone  
  29  2:32  Drone  
  31  2:42  Drone  
  32  2:44  Drone, Extractor  
  32  2:55  Hatchery  
  31  3:10  Drone x4  
  35  3:19  Drone, Queen  
  38  3:20  Overlord x2  
  37  3:30  Roach Warren  
  36  3:35  Spine Crawler  
  36  3:38  Zergling x8  
  40  3:41  Zergling x2  
  40  3:45  Spine Crawler  
  39  3:51  Zergling x2  
  39  4:05  Drone  
  35  4:24  Roach x2  
  35  4:28  Drone x3  
  42  4:39  Drone x2  
  42  4:40  Drone  
  42  4:41  Lair  
  42  4:42  Extractor  
  44  4:49  Roach x2  
  45  5:04  Drone  
  42  5:20  Spore Crawler  
  41  5:25  Roach  
  41  5:26  Roach  
  41  5:27  Drone x4, Zergling x2  
  41  5:28  Zergling x16  
  55  5:36  Drone  
  55  5:37  Drone x2  
  55  5:38  Queen  
  55  5:39  Queen  
  61  5:44  Extractor x2  
  61  5:47  Hydralisk Den  
  57  5:56  Drone x3  
  56  6:05  Roach  
  51  6:35  Muscular Augments  
  51  6:39  Glial Reconstitution  
  50  6:42  Metabolic Boost  
  50  6:44  Drone x3  
  50  6:45  Overlord x3  
  51  6:58  Spore Crawler  
  51  7:00  Spine Crawler  
  47  7:02  Spine Crawler  
  47  7:03  Drone  
  47  7:04  Drone x4, Extractor  
  47  7:07  Roach x6  
  47  7:08  Roach  
  64  7:10  Roach  
  64  7:11  Roach x2  
  64  7:12  Roach  
  64  7:13  Roach  
  74  7:19  Spine Crawler  
  73  7:29  Roach  
  76  7:30  Roach x5  
  80  7:42  Hydralisk x3  
  77  7:57  Roach x2  
  81  7:59  Zergling x2  
  81  8:00  Overlord x4  
  82  8:19  Drone  
  84  8:20  Drone x5  
  84  8:21  Drone  
  89  8:33  Queen  
  91  8:39  Ravager x3  
  94  8:42  Drone x2  
  94  8:47  Drone x2  
  98  9:20  Hydralisk x2  
  98  9:21  Hydralisk x3  
  98  9:23  Hatchery  
  107  9:38  Lurker Den  
  107  9:40  Overseer x2  
  107  9:51  Hydralisk x3  
  113  9:56  Overlord x2  
  113  9:57  Overlord  
  112  10:21  Ravager  
  112  10:22  Ravager x2  
  115  10:31  Zergling x6  
  115  10:32  Zergling x28  
  125  10:49  Zergling x10  
Show
View Real Time Build Order
Export as new Build Order

WildCatBrown Protoss 

Build Orders: 1 Gate Expand 

Get SALT Encoding   

  12  0:01  Probe (Chrono Boost)  
  13  0:12  Probe (Chrono Boost)  
  14  0:24  Probe (Chrono Boost)  
  14  0:27  Pylon  
  15  0:35  Assimilator  
  15  0:45  Probe (Chrono Boost)  
  16  0:52  Gateway  
  16  0:55  Probe (Chrono Boost)  
  17  1:06  Probe (Chrono Boost)  
  18  1:16  Probe (Chrono Boost)  
  19  1:25  Nexus  
  19  1:28  Probe (Chrono Boost)  
  21  1:47  Probe (Chrono Boost)  
  21  1:48  Cybernetics Core  
  21  1:54  Zealot  
  23  2:12  Pylon  
  23  2:13  Assimilator  
  23  2:30  Probe (Chrono Boost)  
  24  2:37  Probe (Chrono Boost)  
  24  2:41  Probe (Chrono Boost)  
  26  2:46  Adept  
  26  2:48  Probe (Chrono Boost)  
  29  2:51  Probe (Chrono Boost)  
  29  3:00  Gateway, Warp Gate  
  29  3:04  Probe x2 (Chrono Boost)  
  31  3:16  Pylon  
  31  3:20  Probe (Chrono Boost)  
  31  3:21  Probe (Chrono Boost)  
  33  3:27  Pylon  
  33  3:33  Adept  
  35  3:38  Mothership Core (Chrono Boost)  
  37  3:48  Zealot  
  39  3:49  Forge  
  39  3:53  Probe (Chrono Boost)  
  40  3:57  Probe (Chrono Boost)  
  40  4:00  Zealot  
  41  4:15  Adept  
  42  4:27  Adept  
  44  4:32  Photon Cannon  
  44  4:33  Probe x2 (Chrono Boost)  
  42  4:42  Adept  
  41  4:55  Adept  
  40  5:09  Adept  
  40  5:22  Adept  
  42  5:29  Gateway  
  42  5:31  Probe x2 (Chrono Boost), Gateway  
  44  5:36  Adept  
  44  5:42  Probe x2 (Chrono Boost)  
  48  5:49  Adept  
  46  6:03  Adept  
  48  6:06  Robotics Facility  
  45  6:31  Adept  
  47  6:34  Pylon  
  47  6:36  Probe x2 (Chrono Boost)  
  47  6:37  Pylon  
  47  6:39  Pylon  
  49  6:45  Protoss Ground Weapons Level 1  
  49  6:47  Probe x2 (Chrono Boost)  
  51  6:55  Photon Cannon  
  51  6:57  Probe x2 (Chrono Boost)  
  53  7:12  Adept x3  
  41  8:00  Stalker x2  
  41  8:01  Stalker x2  
  43  8:14  Probe x2 (Chrono Boost)  
  43  8:19  Gateway  
  45  8:20  Gateway  
  45  8:24  Probe (Chrono Boost), Nexus  
  45  8:25  Probe (Chrono Boost)  
  45  8:26  Adept  
  49  8:28  Assimilator  
  49  8:30  Assimilator  
  49  8:34  Pylon  
  49  8:35  Probe x2 (Chrono Boost)  
  49  8:37  Pylon  
  51  8:46  Probe x2 (Chrono Boost)  
  51  8:47  Observer  
  54  8:56  Probe (Chrono Boost)  
  54  8:58  Stalker x2  
  54  9:00  Probe (Chrono Boost)  
  60  9:13  Assimilator  
  60  9:15  Stalker  
  60  9:16  Assimilator  
  62  9:19  Warp Prism  
  64  9:32  Probe x2 (Chrono Boost)  
  66  9:39  Stalker x3  
  66  9:42  Probe (Chrono Boost)  
  73  10:00  Observer  
  73  10:02  Robotics Bay  
  76  10:14  Probe x3 (Chrono Boost)  
  76  10:18  Stalker x3  
  76  10:19  Stalker x2  
  75  10:51  Stalker x2  
  75  10:52  Stalker x3  
  75  10:53  Stalker  
Tags
 
Add a new tag
Caveats
  • Supply blocks, unpowered buildings, or Contaminate may cause inaccurate times.
  • Supply counts are checked every 10 seconds.